 Dungeon Crawl Stone Soup version 0.21-a0-509-gecc5317 (webtiles) character file.

44 slep the Skirmisher (level 3, -1/33 HPs)
             Began as a Hill Orc Fighter on Nov 29, 2017.
             Slain by a phantom (7 damage)
             ... on level 2 of the Dungeon.
             The game lasted 00:03:16 (833 turns).

slep the Skirmisher (Hill Orc Fighter)               Turns: 833, Time: 00:03:16

Health: -1/33      AC:  7    Str: 18    XL:     3   Next: 62%
Magic:  3/3        EV:  7    Int: 13    God:
Gold:   61         SH:  8    Dex:  8    Spells: 2/2 levels left

rFire    . . .     SeeInvis .   a - +0 war axe
rCold    . . .     Gourm    .   c - +0 shield
rNeg     . . .     Faith    .   b - +0 scale mail
rPois    .         Spirit   .   (no helmet)
rElec    .         Reflect  .   (no cloak)
rCorr    .         Harm     .   (no gloves)
MR       .....                  (no boots)
Stlth    ..........             (no amulet)
HPRegen  0.11/turn              j - -3 ring of dexterity (curse)
MPRegen  0.08/turn              l - +5 ring of intelligence

@: no status effects
A: no striking features
a: no special abilities


You were on level 2 of the Dungeon.
You were not hungry.

You visited 1 branch of the dungeon, and saw 2 of its levels.

You collected 61 gold pieces.

Inventory:

Hand Weapons
 a - a +0 war axe (weapon)
Armour
 b - a +0 scale mail (worn)
 c - a +0 shield (worn)
Jewellery
 j - a cursed -3 ring of dexterity (left hand)
 l - a +5 ring of intelligence (right hand)
Scrolls
 g - a scroll of enchant weapon {unknown}
 h - a scroll of identify {unknown}
 i - a scroll of amnesia {unknown}
 k - a scroll of fog {unknown}
 m - a scroll of teleportation {unknown}
 n - a scroll of remove curse {unknown}
Potions
 d - a potion of might
 e - a potion of brilliance {unknown}
 o - a potion of ambrosia {unknown}
Comestibles
 f - a bread ration
 p - a meat ration


   Skills:
 + Level 4.0 Fighting
 + Level 3.6 Axes
 + Level 3.8 Armour
 + Level 0.3 Dodging
 + Level 3.5 Shields


You had 2 spell levels left.
You didn't know any spells.

Dungeon Overview and Level Annotations

Branches:
Dungeon (2/15)

Altars:


Message History

You completely miss the phantom.
The phantom is almost destroyed.
The phantom blinks!
The phantom blinks!
The phantom blinks!
The phantom blinks!
You hit the phantom but do no damage.
The phantom is almost destroyed.
The phantom hits you but does no damage.
Your scale mail prevents you from hitting the phantom.
The phantom is almost destroyed.
The phantom hits you.
* * * LOW HITPOINT WARNING * * *
You hit the phantom.
The phantom is almost destroyed.
The phantom barely misses you. You block the phantom's attack.
You closely miss the phantom.
The phantom is almost destroyed.
The phantom hits you!
You die...

#. .#.8 ####### .....
..... .....##...##
#.8.#.....## #.%......#
# #.......# ..
#...@...#
...###).W.†#####
...............#
...##.......##.## .
#...........###
#.......##....#######
#....................
.(.....#######....####.
####.### ##......##


You could see a phantom.

Vanquished Creatures
  An adder (D:2)
  A worm (D:2)
  A leopard gecko (D:1)
  3 giant cockroaches
  5 goblins
  4 hobgoblins (D:1)
  4 kobolds
  A ball python (D:1)
  3 bats (D:1)
  3 frilled lizards (D:1)
  5 rats
31 creatures vanquished.

Notes
Turn   | Place    | Note
-------+----------+-------------------------------------------
     0 | D:1      | slep the Hill Orc Fighter began the quest for the Orb.
     0 | D:1      | Reached XP level 1. HP: 19/19 MP: 1/1
    93 | D:1      | Reached XP level 2. HP: 27/27 MP: 2/2
   350 | D:1      | Reached skill level 4 in Fighting
   591 | D:1      | Reached XP level 3. HP: 32/33 MP: 3/3
   767 | D:2      | Noticed a phantom
   833 | D:2      | Slain by a phantom

Vault maps used:
D:1:      matt_arrival_refuge
D:2:      minitemple

Skill      XL: |  1  2 |
---------------+-------+-----
Axes           | 3 |  3.6
Fighting       | 4 |  4.0
Armour         | |  3.8
Dodging        | |  0.3
Shields        | |  3.5

Action                   || total
-------------------------++-------
Melee: War axe           ||   123
Armor: Scale mail        ||    58
Dodge: Dodged            ||    32
Block: Shield            ||    63

Table legend:
 A = Spawn XP
 B = Non-spawn XP
 C = Spawn XP percentage of total XP
 D = Spawn monster count
 E = Non-spawn monster count
 F = Spawn count percentage of total count
 G = Total turns spent on level
                    A         B        C        D         E        F      G
               +---------+---------+-------+---------+---------+-------+---------
         Total |       0 |      64 |   0.0 |       0 |      31 |   0.0 |   833
               +---------+---------+-------+---------+---------+-------+---------
           D:1 |       0 |      35 |   0.0 |       0 |      23 |   0.0 |   728
           D:2 |       0 |      29 |   0.0 |       0 |       8 |   0.0 |   105
               +---------+---------+-------+---------+---------+-------+---------
